 Dungeon Crawl Stone Soup version 0.28.0-53-g5a82cb258f (webtiles) character file.

Game seed: 9266136524456785316

1262 LustLizard the Cleaver (level 8, -4/70 HPs)
             Began as a Minotaur Berserker on July 15, 2022.
             Was a Priest of Trog.
             Killed from afar by an electric eel (9 damage)
             ... with a bolt of electricity
             ... on level 5 of the Dungeon.
             The game lasted 00:09:24 (5635 turns).

LustLizard the Cleaver (Minotaur Berserker)         Turns: 5635, Time: 00:09:25

Health: -4/70      AC:  7    Str: 22    XL:     8   Next: 27%
Magic:  7/7        EV: 10    Int:  6    God:    Trog [***...]
Gold:   213        SH:  0    Dex: 10    Spells: 7/7 levels left

rFire   . . .      SeeInvis .   a - +0 hand axe
rCold   . . .      Faith    .   (no shield)
rNeg    . . .      Spirit   .   E - +0 scale mail
rPois   .          Reflect  .   (helmet restricted)
rElec   .          Harm     .   (no cloak)
rCorr   .          Rampage  .   C - +0 pair of gloves
Will    .....                   (no boots)
Stlth   ..........              (no amulet)
HPRegen 0.21/turn               (no ring)
MPRegen 0.10/turn               (no ring)

@: no status effects
A: horns 2, retaliatory headbutt
a: Renounce Religion, Berserk, Trog's Hand


You were on level 5 of the Dungeon.
You worshipped Trog.
Trog was most pleased with you.
You visited 1 branch of the dungeon, and saw 5 of its levels.
You also visited: Sewer.

You collected 213 gold pieces.

Inventory:

Hand Weapons
 a - a +0 hand axe (weapon)
Missiles
 d - 174 stones (quivered)
 h - 4 poisoned darts
 m - 3 atropa-tipped darts
Armour
 b - a +0 animal skin
 o - a +0 ring mail
 C - a +0 pair of gloves (worn)
 E - a +0 scale mail (worn)
Jewellery
 u - a ring of magical power
Wands
 k - a wand of charming (1)
 t - a wand of mindburst (15)
 y - a wand of flame (35)
Scrolls
 c - 2 scrolls of fear {unknown}
 g - 3 scrolls of teleportation {unknown}
 i - 2 scrolls of torment {unknown}
 l - 6 scrolls of identify {unknown}
 n - a scroll of enchant armour {unknown}
 q - a scroll of vulnerability {unknown}
 r - 2 scrolls of blinking {unknown}
 s - a scroll of amnesia {unknown}
 v - a scroll of noise {unknown}
 A - a scroll of magic mapping {unknown}
 D - a scroll of fog {unknown}
Potions
 e - 2 potions of might
 f - a potion of experience {unknown}
 j - a potion of attraction {unknown}
 p - a potion of flight {unknown}
 w - a potion of haste {unknown}
 x - 2 potions of lignification {unknown}
 z - a potion of heal wounds {unknown}
 B - a potion of curing {unknown}
 F - 2 potions of magic {unknown}


   Skills:
 + Level 6.1 Fighting
 * Level 8.0 Axes
 * Level 5.6 Throwing
 - Level 2.4 Armour
 - Level 2.1 Dodging
 * Level 3.0 Evocations


You had 7 spell levels left.
You didn't know any spells.
Your spell library was empty.

Dungeon Overview and Level Annotations

Branches:
Dungeon (5/15)              Sewer (visited)
 Temple: D:4-7

Altars:
Elyvilon
Okawaru
Vehumet
The Shining One

Annotations:
D:5 1 transporter


Innate Abilities, Weirdness & Mutations

You have a pair of horns on your head.
You reflexively headbutt those who attack you in melee.


Message History

y - a wand of flame (35) (gained 17 charges) As you open the door, it creaks loudly!
There is an open door here.
You see here a +0 robe.
You closely miss the electric eel. Your headbutt misses the electric eel.
You barely miss the electric eel. You barely miss the electric eel.
Your headbutt misses the electric eel. You barely miss the electric eel.
The electric eel shoots out a bolt of lightning at you!
The bolt of electricity hits you! x2
You hit the electric eel. Your headbutt misses the electric eel.
The electric eel is heavily wounded.
You barely miss the electric eel.
The electric eel shoots out a bolt of lightning at you!
The bolt of electricity hits you!
You closely miss the electric eel.
The electric eel is heavily wounded.
You slash the electric eel!
The electric eel shoots out a bolt of lightning at you!
The bolt of electricity hits you. x2
You hit the electric eel.
The electric eel is heavily wounded.
You miss the electric eel. You closely miss the electric eel.
The electric eel is heavily wounded.
You barely miss the electric eel.
The electric eel shoots out a bolt of lightning at you!
The bolt of electricity hits you. The bolt of electricity hits you!
* * * LOW HITPOINT WARNING * * *
You barely miss the electric eel.
The electric eel is heavily wounded.
You barely miss the electric eel.
The electric eel shoots out a bolt of lightning at you!
The bolt of electricity hits you!
* * * LOW HITPOINT WARNING * * *
The bolt of electricity hits you.
* * * LOW HITPOINT WARNING * * *
The electric eel shoots out a bolt of lightning at you!
The bolt of electricity hits you!
You die...

#.###.# #...# #..............#
#.# #)# #...# ###.......#....#
#.# #.######...######.....##.#.##
#.###....................##......
...##.###############........###.
#..##.#8P#≈≈≈≈≈≈≈#P8#........# #.
#..#..#..#PP≈≈P..#..#........###.
#....©#©$+≈≈≈♣≈..'.©#©...##......
#.....#..#≈≈≈≈≈.@#..#...####.#.#.
......#8P#≈≈≈≈≈SS#P8#.### #.#.#.
##.#..###############.# #.#...
#.##.................# #.....
#.###.######.######### ###... #.#
#.# #.# #.## ##.# #.# ##.## #.#
...# #.# #...# #.# #### #.# #...#
###.#


You could see 2 electric eels.

Vanquished Creatures
  A water moccasin (Sewer)
  A sky beast (D:4)
  An ice beast (D:5)
  2 necrophages (D:4)
  An ogre (D:4)
  A black bear (D:4)
  A phantom (D:4)
  3 scorpions
  A bullfrog (D:5)
  A centaur zombie (D:5)
  2 hounds
  An orc priest (D:4)
  A bullfrog skeleton (D:2)
  2 hound skeletons
  6 adders
  A white imp (D:5)
  An adder skeleton (D:4)
  3 worms
  A dart slug (D:3)
  4 orcs
  3 bats
  4 endoplasms (D:1)
  3 giant cockroaches
  5 goblins
  4 hobgoblins
  9 jackals
  3 quokkas
  8 ball pythons
  5 frilled lizards
  9 kobolds
  6 rats
94 creatures vanquished.

Vanquished Creatures (others)
  2 orcs (D:4)
  A kobold (D:4)
3 creatures vanquished.

Grand Total: 97 creatures vanquished

Notes
Turn   | Place    | Note
-------+----------+-------------------------------------------
     0 | D:1      | LustLizard the Minotaur Berserker began the quest for the
                  | Orb.
     0 | D:1      | Reached XP level 1. HP: 19/19 MP: 0/0
   213 | D:1      | Reached skill level 4 in Axes
   362 | D:1      | Reached XP level 2. HP: 27/27 MP: 1/1
   591 | D:1      | Reached skill level 1 in Throwing
   591 | D:1      | Found a faded altar of an unknown god.
   999 | D:2      | Reached ** piety under Trog
  1006 | D:2      | Reached XP level 3. HP: 28/33 MP: 2/2
  1091 | D:2      | Reached XP level 4. HP: 32/40 MP: 3/3
  1665 | D:3      | Found a glowing golden altar of the Shining One.
  1671 | D:3      | Reached skill level 5 in Axes
  2570 | D:3      | Reached XP level 5. HP: 45/47 MP: 4/4
  2670 | D:4      | Noticed an ogre
  2691 | D:4      | Killed an ogre
  2853 | D:4      | Reached skill level 6 in Axes
  2853 | D:4      | Reached XP level 6. HP: 55/55 MP: 5/5
  2878 | D:4      | Reached skill level 5 in Fighting
  3291 | D:4      | Reached XP level 7. HP: 53/61 MP: 6/6
  3422 | D:4      | Found a white marble altar of Elyvilon.
  3428 | D:4      | Reached *** piety under Trog
  3461 | D:4      | Reached skill level 7 in Axes
  3461 | D:4      | Reached skill level 1 in Evocations
  3671 | D:4      | Reached skill level 5 in Throwing
  4048 | D:5      | Entered Level 5 of the Dungeon
  4130 | D:5      | Found a radiant altar of Vehumet.
  4147 | D:5      | Identified the +2 robe of the Monkey's Uncle {*Corrode
                  | Regen+ Str+6 Dex+2}
  4175 | D:5      | Found a transporter.
  4189 | D:5      | Reached XP level 8. HP: 64/70 MP: 7/7
  4384 | D:5      | Found a transporter.
  4482 | D:5      | Found a glowing drain.
  4506 | Sewer    | Entered a sewer
  5084 | D:5      | Reached skill level 8 in Axes
  5534 | D:5      | Found an iron altar of Okawaru.
  5635 | D:5      | Killed from afar by an electric eel

Illustrated notes

Levels and vault maps discovered:
D:1:      roderic_dead_forest, layout_rooms, nicolae_ecumenical_snake_handling
D:2:      layout_rooms
D:3:      wander_river, layout_basic, mainiacjoe_overflow_alcove_1
D:4:      layout_basic, elyvilon_altar_4
D:5:      gammafunk_steamed_eel, layout_loops_ring, vehumet_altar_wand_db,
          kennysheep_mini_moat, cheibrodos_sewer_entry_bend

Skill      XL: |  1  2  3  4  5  6  7  8 |
---------------+-------------------------+-----
Axes           | 4 5 6 7 8 |  8.0
Throwing       | 1 2 3 4 5 |  5.6
Fighting       | 4 5 6 |  6.1
Evocations     | 2 3 |  3.0
Armour         | |  2.4
Dodging        | |  2.1

Action                   |  1- 3 |  4- 6 |  7- 9 || total
-------------------------+-------+-------+-------++-------
Melee: Hand axe          |    50 |    95 |   120 ||   265
       Headbutt          |     6 |    17 |    19 ||    42
       Punch             |     1 |     2 |     1 ||     4
Throw: Stone             |    31 |    38 |    14 ||    83
       Dart              |       |     2 |       ||     2
Invok: Berserk           |       |     1 |       ||     1
 Stab: Distracted        |       |       |     1 ||     1
Armor: Animal skin       |    11 |     6 |       ||    17
       Ring mail         |       |    15 |    32 ||    47
       Scale mail        |       |       |     5 ||     5
Dodge: Dodged            |    32 |    57 |    48 ||   137
